 Dungeon Crawl Stone Soup version 0.28.0 (webtiles) character file.

Game seed: 6338758577750436252

43 Hasart the Skirmisher (level 3, 0/31 HPs)
             Began as a Demigod Fighter on Feb 9, 2022.
             Slain by a quokka (4 damage)
             ... on level 2 of the Dungeon.
             The game lasted 00:01:23 (1077 turns).

Hasart the Skirmisher (Demigod Fighter)             Turns: 1077, Time: 00:01:24

Health: 0/31       AC:  4    Str: 21    XL:     3   Next: 20%
Magic:  0/0        EV: 10    Int: 10    God:
Gold:   58         SH:  4    Dex: 13    Spells: 2/2 levels left

rFire   + + .      SeeInvis .   a - +0 flail
rCold   . . .      Faith    .   c - +0 buckler
rNeg    + . .      Spirit   .   j - +1 leather armour of Wicked Creativity {rElec rF++ rN+ MP-9}
rPois   .          Reflect  .   (no helmet)
rElec   +          Harm     .   (no cloak)
rCorr   .          Rampage  .   (no gloves)
Will    .....                   (no boots)
Stlth   +.........              (no amulet)
HPRegen 0.10/turn               (no ring)
MPRegen 0.07/turn               (no ring)

@: no status effects
A: high MP 1, forlorn, divine attributes
a: no special abilities


You were on level 2 of the Dungeon.
You visited 1 branch of the dungeon, and saw 2 of its levels.

You collected 58 gold pieces.

Inventory:

Hand Weapons
 a - a +0 flail (weapon)
Armour
 b - a +0 scale mail
 c - a +0 buckler (worn)
 j - the +1 leather armour of Wicked Creativity (worn) {rElec rF++ rN+ MP-9}
   (You found it on level 2 of the Dungeon)

   rF:        It greatly protects you from fire.
   rElec:     It insulates you from electricity.
   rN:        It protects you from negative energy.
   MP:        It affects your magic capacity (-9).
Scrolls
 f - a scroll of silence {unknown}
 g - a scroll of vulnerability {unknown}
 h - a scroll of magic mapping {unknown}
Potions
 d - a potion of might
 e - a potion of brilliance {unknown}
 i - 2 potions of heal wounds {unknown}


   Skills:
 + Level 3.2 Fighting
 * Level 3.0 Maces & Flails
 - Level 2.6 Armour
 - Level 2.6 Shields


You had 2 spell levels left.
You didn't know any spells.
Your spell library was empty.

Dungeon Overview and Level Annotations

Branches:
Dungeon (2/15)


Innate Abilities, Weirdness & Mutations

You have an increased reservoir of magic. (+10% MP)
You shall have no god before yourself.
Your divine heritage dramatically boosts your attributes as you level up.


Message History

The quokka bites you but does no damage.
The quokka bites you.
You closely miss the quokka.
The quokka is heavily wounded.
The adder bites you but does no damage. The quokka barely misses you.
You block the quokka's attack. The adder bites you.
You are poisoned.
The adder poisons you! The quokka closely misses you.
You closely miss the quokka.
The quokka is heavily wounded.
You feel sick.
The quokka bites you but does no damage.
The adder misses you. You block the quokka's attack.
The quokka bites you but does no damage.
You feel sick. The adder bites you.
You are more poisoned.
The adder poisons you!
You sock the adder!
The adder is severely wounded.
You feel sick. You block the adder's attack. The quokka closely misses you.
You closely miss the adder.
The adder is severely wounded.
You feel sick. The adder bites you. The quokka barely misses you.
The adder bites you.
You sock the adder!
You kill the adder!
You feel sick. The quokka bites you. The quokka misses you.
Your Maces & Flails skill increases to level 3!
You have reached level 3!
Your experience leads to a dramatic increase in your attributes!
Increase (S)trength, (I)ntelligence, or (D)exterity?
You feel stronger. x4
You hit the quokka.
You kill the quokka!
You feel sick. The quokka bites you.
* * * LOW HITPOINT WARNING * * *
You closely miss the quokka.
You feel sick.
You are no longer poisoned.
The quokka closely misses you. The quokka bites you.
You die...

# ####.## #..........###
# ##[.†.# #..........#..
###..#### #.......[....
..>..# #....>.....#
####.## #..........#
####..# #..........#
......#### #..........#.#
.........########†...$..#
.....###........@r#######
.....###........###
.....##..###....#
.....#..####.####
#####..####..#
......##....##
######...#### .......###
.....###


You could see a quokka.

Vanquished Creatures
  An adder (D:2)
  4 ball pythons
  2 endoplasms (D:2)
  3 giant cockroaches
  A goblin (D:1)
  4 hobgoblins
  4 kobolds (D:1)
  2 quokkas
  2 bats
  5 frilled lizards
  4 rats
32 creatures vanquished.

Notes
Turn   | Place    | Note
-------+----------+-------------------------------------------
     0 | D:1      | Hasart the Demigod Fighter began the quest for the Orb.
     0 | D:1      | Reached XP level 1. HP: 18/18 MP: 3/3
   255 | D:1      | Reached XP level 2. HP: 25/25 MP: 4/4
   969 | D:2      | Identified the +1 leather armour of Wicked Creativity
                  | {rElec rF++ rN+ MP-9}
  1076 | D:2      | Reached XP level 3. HP: 10/31 MP: 0/5
  1077 | D:2      | Slain by a quokka

Illustrated notes

Levels and vault maps discovered:
D:1:      psy_arrival_dodecagon, layout_loops_ring,
          shapermc_ecumenical_altar_flowoftime, minmay_unequal
D:2:      layout_rooms

Skill      XL: |  1  2 |
---------------+-------+-----
Maces & Flails | 2 3 |  3.0
Fighting       | 3 |  3.2
Armour         | |  2.6
Shields        | |  2.6

Action                   || total
-------------------------++-------
Melee: Flail             ||    95
Armor: Scale mail        ||    42
       Leather armour    ||     6
Dodge: Dodged            ||    55
Block: Buckler           ||    17
